Map: Port Aleksander LE

Players

ShoWTimE

  • Race: Protoss Protoss
  • League: Grandmaster
  • Spawn Location: 11:00

HeroMarine - Winner!

  • Race: Terran Terran
  • League: Master
  • Spawn Location: 5:00

Event: 2019 WCS Winter Europe

VOD

Have the link to the VOD?

Description

Time

  • Played on: March 24, 2019, 9:37 a.m.
  • Length: 24:29

All games in this series

Show
View Real Time Build Order
Export as new Build Order

ShoWTimE Protoss 

Build Orders: 1 Gate Expand, Blink Stalkers 

Get SALT Encoding   

  12  0:00  Probe  
  13  0:12  Probe  
  14  0:19  Pylon  
  14  0:24  Probe  
  15  0:33  Probe  
  15  0:40  Gateway  
  15  0:41  Probe  
  16  0:47  Assimilator  
  17  0:51  Probe  
  18  1:03  Probe  
  19  1:15  Probe  
  20  1:26  Cybernetics Core  
  20  1:35  Nexus  
  20  1:37  Probe  
  21  1:45  Pylon  
  21  1:49  Probe  
  21  1:52  Assimilator  
  21  1:53  Adept  
  22  2:01  Probe  
  22  2:07  Warp Gate  
  25  2:13  Stalker, Probe  
  26  2:25  Probe  
  28  2:34  Stalker  
  28  2:38  Probe  
  28  2:42  Twilight Council  
  31  2:48  Probe  
  32  2:53  Shield Battery  
  32  2:55  Probe  
  33  3:00  Probe  
  33  3:01  Blink  
  34  3:07  Stalker, Probe  
  37  3:13  Probe  
  37  3:19  Probe  
  37  3:21  Probe  
  38  3:30  Gateway  
  38  3:31  Probe x2  
  39  3:37  Gateway  
  40  3:42  Probe  
  40  3:43  Probe  
  42  3:52  Robotics Facility  
  42  3:54  Probe  
  43  3:55  Pylon  
  43  3:56  Probe  
  43  3:58  Sentry  
  46  4:04  Assimilator  
  46  4:06  Assimilator  
  46  4:13  Probe x2  
  46  4:16  Pylon  
  48  4:19  Forge  
  48  4:25  Probe  
  48  4:28  Stalker  
  48  4:29  Phoenix  
  51  4:33  Stalker  
  51  4:36  Stalker  
  51  4:37  Protoss Ground Armor Level 1  
  51  4:52  Probe x2  
  51  4:54  Pylon  
  51  4:56  Observer  
  52  5:04  Probe  
  52  5:05  Probe  
  54  5:15  Gateway  
  54  5:16  Probe, Gateway  
  54  5:18  Observer, Charge  
  54  5:20  Probe  
  57  5:27  Gateway  
  57  5:33  Pylon  
  57  5:35  Templar Archives  
  57  5:37  Probe x2  
  59  5:43  Warp Prism  
  59  5:48  Pylon  
  61  6:01  Nexus  
  61  6:03  Psionic Storm  
  61  6:06  Pylon  
  61  6:08  Probe x2  
  61  6:10  Protoss Ground Armor Level 2  
  63  6:14  High Templar  
  65  6:18  High Templar  
  65  6:23  Pylon  
  69  6:31  Gateway x2  
  67  6:33  High Templar  
  67  6:38  Probe x2  
  71  6:45  Zealot  
  71  6:46  Zealot x2  
  77  6:52  Probe x2  
  79  6:56  Zealot x2  
  83  7:05  High Templar  
  85  7:13  Probe x3  
  85  7:14  Pylon  
  88  7:16  Zealot x2, High Templar  
  94  7:22  Zealot  
  94  7:25  Probe x2  
  97  7:32  Zealot x3  
  97  7:34  Probe, Pylon  
  104  7:37  Probe  
  105  7:47  Pylon  
  105  7:53  Photon Cannon  
  105  7:55  Zealot x5  
  105  7:56  Zealot  
  117  8:06  Protoss Ground Weapons Level 1, Pylon  
  117  8:08  Probe x3  
  117  8:10  Assimilator  
  117  8:11  Assimilator, Pylon  
  120  8:19  High Templar  
  122  8:22  High Templar x2  
  122  8:23  Zealot x3  
  132  8:28  Pylon, Archon  
  132  8:32  Zealot x2, Immortal  
  136  8:36  Probe  
  137  8:44  Sentry x2  
  137  8:45  Stalker  
  137  8:47  Photon Cannon  
  147  8:48  Probe  
  147  8:53  Stalker x2  
  152  9:06  Pylon  
  152  9:07  Robotics Bay  
  152  9:09  Photon Cannon  
  152  9:10  Robotics Facility  
  152  9:19  Pylon  
  152  9:21  Pylon  
  152  9:28  Zealot x8  
  164  9:35  Observer  
  149  9:49  High Templar x5  
  149  9:50  Zealot x2, High Templar  
  157  9:54  Archon  
  157  9:56  Protoss Ground Weapons Level 2  
  149  10:09  Archon  
  149  10:11  Robotics Bay  
  149  10:14  Robotics Facility  
  149  10:15  Zealot x2  
  145  10:22  Zealot x5  
  145  10:26  Immortal  
  147  10:31  Stalker  
  149  10:41  Pylon  
  141  10:42  Zealot x3  
  141  10:43  Zealot  
  129  10:51  Zealot x3  
  129  10:55  Disruptor  
  121  10:57  Stalker  
  121  11:03  Disruptor  
  124  11:08  Stalker x4  
  135  11:17  Zealot x3  
  137  11:29  High Templar  
  137  11:30  Disruptor  
  120  11:33  Zealot x4  
  122  11:44  Stalker x3  
  122  11:45  Disruptor  
  131  11:53  Stalker x3  
  135  12:05  Zealot x2, Protoss Ground Armor Level 3  
  123  12:14  Archon  
  123  12:15  Zealot x3, Disruptor  
  113  12:24  Nexus  
  109  12:32  High Templar x3  
  115  12:37  Probe x2  
  115  12:38  Probe  
  115  12:43  Stalker x2  
  122  12:46  High Templar  
  122  12:48  Photon Cannon  
  122  12:49  Probe  
  125  12:53  Zealot x2  
  128  13:06  Zealot x5  
  138  13:14  Zealot x2  
  138  13:15  Probe  
  138  13:16  Probe  
  144  13:20  Zealot  
  146  13:27  High Templar x4  
  146  13:28  Zealot  
  146  13:33  Archon x2  
  156  13:39  Disruptor  
  153  13:54  Zealot x4  
  157  14:00  Zealot x4  
  156  14:24  Stalker x8  
  164  14:36  Disruptor  
  164  14:37  Disruptor  
  152  14:48  Stalker x4  
  152  14:49  Stalker x2  
  127  14:57  Zealot x2  
Show
View Real Time Build Order
Export as new Build Order

HeroMarine Terran - Winner!

Build Orders: Gas First Reaper Expand 

Get SALT Encoding   

  12  0:00  SCV  
  13  0:12  SCV  
  14  0:18  Supply Depot  
  14  0:24  SCV  
  15  0:28  Refinery  
  15  0:39  SCV  
  16  0:45  Barracks  
  16  0:52  SCV  
  17  1:04  SCV  
  18  1:16  SCV  
  19  1:32  Reaper, Orbital Command  
  20  1:46  Command Center  
  20  1:57  Factory  
  20  2:00  SCV  
  21  2:06  Barracks Reactor  
  21  2:13  SCV  
  22  2:16  Supply Depot  
  22  2:20  Refinery  
  22  2:25  SCV  
  23  2:38  SCV  
  23  2:42  Hellion  
  23  2:43  Starport  
  26  2:44  Marine  
  26  2:45  Marine  
  26  2:50  SCV  
  28  3:02  SCV  
  28  3:03  Widow Mine  
  31  3:10  Marine  
  31  3:16  SCV, Marine  
  33  3:22  Medivac, Orbital Command  
  35  3:29  Widow Mine  
  35  3:30  SCV  
  35  3:34  Marine  
  39  3:37  Marine  
  40  3:42  SCV  
  41  3:48  SCV  
  41  3:50  Factory Tech Lab  
  41  3:54  SCV, Marine x2  
  45  4:00  SCV  
  45  4:01  Supply Depot  
  45  4:02  Starport Tech Lab  
  46  4:21  Barracks  
  46  4:22  Refinery  
  46  4:23  SCV x2, Raven, Siege Tank, Marine  
  54  4:43  Marine  
  54  4:51  Supply Depot  
  54  4:52  SCV, Marine  
  54  4:54  Barracks  
  54  4:56  SCV  
  54  4:57  Engineering Bay  
  55  5:04  SCV, Command Center  
  56  5:09  SCV  
  57  5:15  Siege Tank  
  57  5:16  SCV  
  57  5:19  Stimpack  
  57  5:21  SCV  
  64  5:28  SCV  
  64  5:30  Supply Depot  
  64  5:33  Terran Infantry Weapons Level 1, SCV  
  64  5:38  Starport Reactor  
  64  5:40  SCV  
  65  5:43  Marauder  
  65  5:45  SCV  
  68  5:53  SCV, Combat Shield  
  68  5:54  Marauder  
  71  5:57  SCV  
  71  5:58  Supply Depot  
  74  6:04  Marauder  
  74  6:10  Barracks  
  74  6:11  SCV x2, Barracks  
  76  6:12  Factory Reactor  
  76  6:17  Orbital Command  
  74  6:23  SCV x2, Refinery  
  74  6:24  Marine x2  
  78  6:28  Marauder  
  78  6:31  Marauder  
  82  6:37  SCV x2  
  82  6:38  Ghost Academy  
  82  6:39  Medivac  
  86  6:43  Medivac  
  88  6:52  Marauder  
  88  6:53  Marauder  
  94  6:54  Widow Mine x2  
  94  6:57  SCV x2  
  94  6:58  SCV  
  94  6:59  Supply Depot  
  99  7:02  Barracks Tech Lab, Barracks Reactor  
  99  7:09  Viking  
  99  7:10  Missile Turret  
  99  7:14  Supply Depot  
  101  7:20  SCV x2, Marauder x2, Marine x2  
  101  7:22  Orbital Command  
  109  7:24  Supply Depot  
  109  7:27  Concussive Shells  
  109  7:28  Widow Mine x2  
  113  7:32  SCV x2  
  119  7:44  SCV x2  
  119  7:47  Terran Infantry Armor Level 1  
  119  7:48  Ghost x2, Marine  
  119  7:49  Marine x3  
  119  7:50  Ghost  
  125  7:56  SCV x2  
  128  7:59  Supply Depot  
  128  8:05  SCV, Refinery  
  128  8:06  Marine x2, Refinery  
  128  8:07  Marine  
  128  8:08  SCV  
  128  8:09  SCV  
  131  8:14  Armory  
  131  8:17  Bunker  
  132  8:21  SCV x2  
  132  8:22  Marine  
  132  8:23  Engineering Bay  
  132  8:25  Ghost  
  136  8:29  Ghost  
  136  8:30  Missile Turret  
  136  8:33  Marine x2  
  140  8:35  Marine  
  141  8:43  Supply Depot  
  141  8:44  SCV x3, Supply Depot  
  141  8:46  Ghost  
  146  8:53  Medivac, Supply Depot  
  148  8:56  Ghost  
  148  9:01  Marine  
  149  9:04  Marine  
  149  9:05  Terran Infantry Weapons Level 2  
  149  9:08  Marauder  
  149  9:09  Widow Mine  
  156  9:10  Widow Mine  
  156  9:14  Marine  
  156  9:15  Marine  
  156  9:16  Marauder  
  160  9:18  Marine  
  161  9:25  Marine  
  161  9:26  Marauder  
  161  9:29  Marauder  
  165  9:32  Marine x2  
  165  9:36  Marine  
  165  9:37  Marauder  
  169  9:43  Marine  
  169  9:44  SCV x2  
  157  9:47  Marauder  
  157  9:50  Marauder, Marine x2  
  158  9:54  Marine  
  158  9:59  Marauder  
  158  10:01  Marine  
  158  10:03  SCV x3  
  158  10:05  Medivac x2  
  166  10:08  Marine x2  
  166  10:09  Marauder  
  166  10:12  Marauder, Marine  
  173  10:17  SCV  
  173  10:18  Marine  
  173  10:22  Marauder  
  173  10:25  Widow Mine  
  173  10:26  Widow Mine  
  172  10:35  Marauder  
  172  10:36  Marauder, Marine  
  172  10:41  Medivac  
  171  10:43  Marauder  
  171  10:49  Marine  
  154  10:50  Marine x2  
  154  10:52  Medivac, Widow Mine x2  
  154  10:54  SCV, Marine  
  154  10:55  SCV  
  157  10:57  Marauder x2  
  157  11:04  Marauder  
  157  11:05  Terran Infantry Armor Level 2  
  157  11:07  Starport, Marine x2  
  157  11:08  Marine  
  162  11:11  Medivac, Marine  
  157  11:18  Marauder  
  157  11:19  Marauder  
  157  11:25  Marine x2  
  157  11:26  Marauder, Marine  
  157  11:29  Marine  
  157  11:31  Medivac, Widow Mine x2  
  154  11:40  Marauder x2  
  154  11:41  Medivac  
  154  11:43  Marine x2  
  158  11:47  Marauder  
  158  11:52  Widow Mine  
  154  11:55  Marine x2  
  154  11:59  Liberator  
  154  12:00  Ghost x2  
  152  12:01  Marine  
  152  12:02  Liberator, Marine  
  152  12:08  Ghost  
  135  12:13  Marine x2  
  135  12:15  Liberator x2  
  124  12:19  Marine x2  
  119  12:29  Marauder  
  120  12:30  Marauder  
  120  12:31  Marine x2  
  126  12:37  Marauder  
  126  12:39  Marine x2  
  126  12:42  Liberator  
  130  12:44  Terran Infantry Weapons Level 3  
  130  12:45  Liberator  
  130  12:49  Marine x2  
  130  12:50  Ghost x2  
  136  12:56  Marine  
  136  12:57  Marine  
  136  12:58  Marauder, Liberator  
  137  13:03  Liberator  
  145  13:06  Marine x2  
  147  13:15  Marine x2  
  147  13:18  Command Center  
  147  13:19  Marauder  
  158  13:20  Marauder x2, Missile Turret  
  158  13:24  Liberator, Marine  
  158  13:26  Marine  
  163  13:28  Liberator  
  163  13:30  Supply Depot  
  163  13:32  Marine  
  163  13:33  Marine  
  165  13:40  Liberator  
  165  13:41  Marauder x3  
  163  13:55  Marine  
  164  14:01  Marine, Supply Depot  
  164  14:02  Marauder  
  172  14:03  Marauder, Marine  
  172  14:05  Marauder  
  175  14:15  Marine x2  
  175  14:19  Liberator x2  
  175  14:24  Marauder x2  
  174  14:25  Marine  
  174  14:26  Marauder  
  173  14:33  Marine x2  
  173  14:35  Marine  
  172  14:43  Marine  
  172  14:45  Marauder x2  
  171  14:47  Marauder  
  171  14:51  Marine x2  
  171  14:52  Liberator  
  144  14:53  Marine  
  137  15:01  Marine  
  137  15:06  Marauder  
  136  15:07  Marauder  
  136  15:08  Marine  
  135  15:27  Marauder  
Tags
 
Add a new tag
Caveats
  • Supply blocks, unpowered buildings, or Contaminate may cause inaccurate times.
  • Supply counts are checked every 10 seconds.